 Dungeon Crawl Stone Soup version 0.30-a0-475-g03497ec522 (webtiles) character file.

Game seed: 9215349168027890796

66 cforsyth the Chiller (level 4, -4/30 HPs)
             Began as a Merfolk Ice Elementalist on Dec 20, 2022.
             Slain by a gnoll
             ... wielding a +0 flail
              (11 damage)
             ... on level 3 of the Dungeon.
             The game lasted 00:03:37 (2346 turns).

cforsyth the Chiller (Merfolk Ice Elementalist)     Turns: 2346, Time: 00:03:38

Health: -4/30      AC:  3    Str:  8    XL:     4   Next: 15%
Magic:  0/7        EV: 13    Int: 16    God:
Gold:   62         SH:  0    Dex: 14    Spells: 4/8 levels left

rFire   . . .      SeeInvis .    (no weapon)
rCold   . . .      Faith    .    (no shield)
rNeg    . . .      Spirit   .    a - +0 robe
rPois   .          Reflect  .    (no helmet)
rElec   .          Harm     .    (no cloak)
rCorr   .          Rampage  .    (no gloves)
Will    .....                    l - +0 pair of boots
Stlth   ++........               (no amulet)
HPRegen 0.25/turn                (no ring)
MPRegen 0.10/turn                (no ring)

@: no status effects
A: (nimble swimmer 2), mertail
a: no special abilities


You were on level 3 of the Dungeon.
You visited 1 branch of the dungeon, and saw 3 of its levels.

You collected 62 gold pieces.

Inventory:

Armour
 a - a +0 robe (worn)
 l - a +0 pair of boots (worn)
Jewellery
 h - a ring of ice
 o - a +6 ring of intelligence
Scrolls
 c - a scroll of summoning {unknown}
 d - a scroll of vulnerability {unknown}
 e - a scroll of amnesia {unknown}
 g - a scroll of blinking {unknown}
 i - a scroll of poison {unknown}
 k - 2 scrolls of identify {unknown}
 m - a scroll of torment {unknown}
Potions
 b - a potion of magic
 f - 2 potions of might {unknown}
 j - a potion of ambrosia {unknown}
 n - a potion of mutation {unknown}
 p - a potion of attraction {unknown}
 q - a potion of curing {unknown}


   Skills:
 + Level 3.6 Dodging
 - Level 2.2 Stealth
 + Level 2.6 Spellcasting
 + Level 1.4 Summonings
 + Level 4.8 Ice Magic


You had 4 spell levels left.
You knew the following spells:

 Your Spells              Type           Power      Damage    Failure   Level
a - Freeze                Ice            68%        1d8       2%          1
b - Frozen Ramparts       Ice            34%        1d6       8%          3

Your spell library contained the following spells:

 Spells                   Type           Power      Damage    Failure   Level
 Ozocubu's Armour         Ice            17%        N/A       8%          3
 Summon Ice Beast         Ice/Summ       12%        N/A       45%         4


Dungeon Overview and Level Annotations

Branches:
Dungeon (3/15)

Altars:


Innate Abilities, Weirdness & Mutations

((You are very nimble when in or above water. (Stealth+, EV+, Speed+++)))
Your lower body shifts to a powerful aquatic tail in water.


Message History

Casting: Frozen Ramparts (quite dangerous; 9% risk of failure)
Press: ? - help, Dir - look around, f - activate A stone staircase leading up.
You miscast Frozen Ramparts.
You are very lightly contaminated with residual magic.
Nothing appears to happen.
Casting: Frozen Ramparts (quite dangerous; 9% risk of failure)
Confirm with . or Enter, or press ? or * to list all spells.
The spell is quite dangerous to miscast (9% risk of failure)!
Continue anyway?
Casting: Frozen Ramparts (quite dangerous; 9% risk of failure)
Press: ? - help, Dir - look around, f - activate A stone staircase leading up.
The walls around you are covered in ice.
The wall freezes the gnoll.
The wall freezes the gnoll.
The gnoll misses you.
The wall freezes the gnoll but does no damage.
The wall freezes the gnoll.
The gnoll closely misses you.
The wall freezes the gnoll. x2
You kill the gnoll!
You have reached level 4!
The wall freezes the gnoll.
The gnoll misses you.
The wall freezes the gnoll.
Unknown command.
The wall freezes the gnoll.
The gnoll hits you from afar with a +0 spear.
The wall freezes the gnoll.
The gnoll hits you with a +0 flail.
Unknown command.
The wall freezes the gnoll but does no damage.
The gnoll barely misses you.
The wall freezes the gnoll.
The gnoll hits you with a +0 flail!
* * * LOW HITPOINT WARNING * * *
Your magical contamination has completely faded away.
Unknown command.
You are too injured to fight recklessly!
Casting: Frozen Ramparts (quite dangerous; 8% risk of failure)
Confirm with . or Enter, or press ? or * to list all spells.
You don't have enough magic to cast this spell.
Unknown command.
The frozen ramparts melt away.
The gnoll misses you. The gnoll hits you with a +0 flail!
You die...

### ..# #.# #.#
#.# #.# #@# #g##
#>##Kg#######
#(..........######
######w####......#
#.## ##.....#
#[.###......#
##..##......#
#...†.).####


You could see 2 gnolls, a dart slug and a kobold.

Vanquished Creatures
  A gnoll (D:3)
  An adder (D:2)
  2 dart slugs
  4 ball pythons
  An endoplasm (D:1)
  2 giant cockroaches
  6 goblins
  3 hobgoblins
  3 quokkas
  6 bats
  3 frilled lizards (D:1)
  5 kobolds
  5 rats
42 creatures vanquished.

Notes
Turn   | Place    | Note
-------+----------+-------------------------------------------
     0 | D:1      | cforsyth the Merfolk Ice Elementalist began the quest for
                  | the Orb.
     0 | D:1      | Reached XP level 1. HP: 13/13 MP: 3/3
   252 | D:1      | Reached XP level 2. HP: 18/19 MP: 0/5
   984 | D:1      | Reached XP level 3. HP: 24/24 MP: 4/6
  1180 | D:2      | Reached skill level 1 in Summonings
  2314 | D:3      | Learned a level 3 spell: Frozen Ramparts
  2343 | D:3      | Reached XP level 4. HP: 30/30 MP: 0/7
  2346 | D:3      | Slain by a gnoll

Illustrated notes

Levels and vault maps discovered:
D:1:      mrwooster_arrival_statue_2, layout_basic
D:2:      layout_basic, minmay_misc_feat_hallway
D:3:      kennysheep_big_flooded_room, layout_rooms,
          regret_index_temple_of_mockery, serial_shops, shop

Skill      XL: |  1  2  3 |
---------------+----------+-----
Dodging        | 3 |  3.6
Summonings     | 1 |  1.4
Stealth        | |  2.2
Spellcasting   | |  2.6
Ice Magic      | |  4.8

Action                   |  1- 3 |  4- 6 || total
-------------------------+-------+-------++-------
Melee: Unarmed           |    10 |       ||    10
 Cast: Freeze            |    67 |       ||    67
       Frozen Ramparts   |     1 |       ||     1
Armor: Robe              |    18 |       ||    18
Dodge: Dodged            |    52 |     3 ||    55

Table legend: (Time is in decaauts)
 A = Elapsed time spent in this place.
 B = Non-inter-level travel time spent in this place.
 C = Inter-level travel time spent in this place.
 D = Time resting spent in this place.
 E = Time spent auto-exploring this place.
 F = Levels seen in this place.
 G = Mean time per level.
                   A        B        C        D        E       F      G
               +--------+--------+--------+--------+--------+-----+--------+
         Total |   2345 |   2191 |    154 |      0 |   1858 |   3 |  781.7 |
       Dungeon |   2345 |   2191 |    154 |      0 |   1858 |   3 |  781.7 |
               +--------+--------+--------+--------+--------+-----+--------+

Top non-repeatable levels by time:
     D:1: 1142 daAuts
     D:2: 1047 daAuts
     D:3: 155 daAuts
